 Dungeon Crawl Stone Soup version 0.30-a0-632-g346586fe48 (webtiles) character file.

Game seed: 3361597440161937187

4202 wormed the Blocker (level 10, -1/123 HPs)
             Began as a Formicid Fighter on Jan 13, 2023.
             Was a Plaything of Xom.
             Succumbed to a killer bee's poison
             ... on level 7 of the Dungeon.
             The game lasted 00:13:09 (7053 turns).

wormed the Blocker (Formicid Fighter)               Turns: 7053, Time: 00:13:10

Health: -1/123     AC: 25    Str: 21    XL:     10   Next: 54%
Magic:  10/10      EV:  2    Int:  8    God:    Xom [..*...]
Gold:   132        SH: 12    Dex: 17    Spells: 9/9 levels left

rFire   + + .      SeeInvis .    b - +1 halberd (flame)
rCold   + . .      Faith    .    k - +0 kite shield
rNeg    . . .      Spirit   .    (body armour currently unavailable)
rPois   +          Reflect  .    (helmet unavailable)
rElec   +          Harm     .    (cloak currently unavailable)
rCorr   +          Rampage  .    (gloves currently unavailable)
Will    +....                    (boots currently unavailable)
Stlth   ++                       (no amulet)
HPRegen 0.40/turn                j - ring of protection from fire
MPRegen 0.12/turn                o - +5 ring of evasion

@: lethally poisoned (-1 -> -5), tree-form, resistant, attractive
A: stationary, stasis, torment immunity, boosted hp, permanent stasis, dig
shafts and tunnels, (antennae 3), four strong arms, sense surroundings 1,
MP-powered wands, devolution 1
a: Renounce Religion


You were on level 7 of the Dungeon.
You worshipped Xom.
You were a toy of Xom.
You were a tree.
You visited 1 branch of the dungeon, and saw 8 of its levels.
You also visited: Sewer.

You collected 461 gold pieces.
You spent 329 gold pieces at shops.

Inventory:

Hand Weapons
 b - a +1 halberd of flaming (weapon)
Missiles
 r - 4 throwing nets
Armour
 k - a +0 kite shield (worn)
 u - the +1 chain mail "Hiupsoh" (melded) {Rampage rF+}
   (You bought it in a shop on level 5 of the Dungeon)

   rF:        It protects you from fire.
   Rampage:   It bestows one free step when moving towards enemies.
Jewellery
 j - a ring of protection from fire (left branch)
 o - a +5 ring of evasion (right branch)
Wands
 f - a wand of quicksilver (10)
 h - a wand of flame (28) (quivered)
 l - a wand of polymorph (10)
Scrolls
 g - 5 scrolls of vulnerability
 i - 2 scrolls of magic mapping
 n - a scroll of enchant armour
Potions
 d - 5 potions of might
 m - a potion of flight
 p - a potion of lignification
 v - a potion of berserk rage


   Skills:
 + Level 8.4 Fighting
 + Level 2.3(6.4) Polearms
 - Level 9.5(9.6) Staves
 + Level 8.4 Armour
 + Level 6.2 Dodging
 + Level 9.8 Shields


You had 9 spell levels left.
You didn't know any spells.
Your spell library contained the following spells:

 Spells                   Type           Power      Damage    Failure   Level
 Necrotise                Necr           0%         1d4       63%         1
 Summon Small Mammal      Summ           0%         N/A       63%         1
 Call Canine Familiar     Summ           0%         N/A       94%         3
 Portal Projectile        Hex/Tloc       0%         N/A       94%         3
 Summon Guardian Golem    Hex/Summ       0%         N/A       94%         3
 Vampiric Draining        Necr           0%         2d6       94%         3
 Leda's Liquefaction      Hex/Erth       0%         N/A       100%        4
 Agony                    Necr           0%         N/A       100%        5


Dungeon Overview and Level Annotations

Branches:
Dungeon (8/15)             Temple (0/1) D:6           Sewer (visited)
   Lair: D:8-11

Altars:
Cheibriados
Xom

Shops:
D:3 :   D:5 **:(   D:7 *

Annotations:
D:8 Pikel


Innate Abilities, Weirdness & Mutations

You are a tree.
Your roots penetrate the ground, keeping you stationary.
You cannot be teleported.
You are immune to unholy pain and torment.
Your maximum health is greatly increased.
Your equipment is partially melded.
You cannot be hasted, slowed, berserked, paralysed or teleported.
You can dig through walls and to a lower floor.
((You have a pair of large antennae on your head. (SInv)))
Your four strong arms can wield two-handed weapons with a shield.
You passively map a small area around you.
You expend magic power (3 MP) to strengthen your wands.
You have hidden genetic defects.


Message History

You feel very sick. The killer bee closely misses you.
The killer bee completely misses you.
Your four-headed hydra misses the killer bee.
Your four-headed hydra bites the killer bee.
Your four-headed hydra bites the killer bee!
The killer bee dies!
Aiming: Throw Flame
Press: ? - help, Q - select action, (/) - cycle Shift-Dir - straight line, f - you
Okay, then.
There is a lethal amount of poison in your body!
There is a lethal amount of poison in your body!
It was a potion of attraction.
You feel attractive to monsters.
You flicker for a moment.
* * * LOW HITPOINT WARNING * * *
You feel very sick.
It was a potion of berserk rage.
Your stasis prevents you from going berserk.
You are no longer corroded.
* * * LOW HITPOINT WARNING * * *
You feel very sick.
Your four-headed hydra disappears in a puff of smoke!
It was a potion of mutation.
You feel extremely strange.
You feel healthier.
You feel your magical essence link to the dungeon's wands.
You feel a hidden malignance growing inside you.
Xom thinks this is hilarious!
You feel a strange attunement to the structure of the dungeons.
* * * LOW HITPOINT WARNING * * *
You feel very sick.
You turn into a tree.
The +1 chain mail "Hiupsoh" {Rampage rF+} melds into your body.
Your roots penetrate the ground.
* * * LOW HITPOINT WARNING * * *
You feel sick.
You feel protected.
* * * LOW HITPOINT WARNING * * *
You feel sick.
You flicker back into view.
You die...
Xom giggles madly!

.######....## .#
##....## .# ####..###
## ##...# #
###.####### ##
#.......# .#
##########......# .#
##.....#....§§§..#
.####...........♣§...#
.................†...#
...................###
.###...............#
)###...............#
<))................#
))................##
...........#.....##
....#....#########


There were no monsters in sight!

Vanquished Creatures
  The ghost of Nabski the Trooper, an amateur TeAE of Wu Jian (D:5)
  Sigmund (D:2)
  Eustachio (D:6)
  A steam dragon (D:7)
  An orc warrior (D:7)
  Pargi (Sewer)
  A sky beast (D:6)
  2 black bears
  A wolf (D:5)
  3 centaurs
  A phantom (D:6)
  3 bullfrogs
  3 necrophages
  3 gnoll sergeants (D:5)
  4 scorpions
  4 wights
  7 hounds
  4 orc priests
  3 gnoll boudas (D:5)
  A jelly (D:4)
  2 iguanas
  7 orc wizards
  6 adders
  19 gnolls (D:5)
  2 river rats (D:6)
  2 shadow imps (D:5)
  A white imp (D:6)
  3 ufetubi
  A worm (D:3)
  13 dart slugs
  24 orcs
  7 endoplasms
  5 giant cockroaches
  6 goblins
  8 hobgoblins
  10 jackals (D:5)
  10 quokkas
  2 ball pythons
  5 bats
  4 frilled lizards
  9 kobolds
  10 rats
202 creatures vanquished.

Vanquished Creatures (collateral kills)
  3 killer bees (D:7)
3 creatures vanquished.

Vanquished Creatures (others)
  A wight (D:7)
  13 plants (D:1)
  2 withered plants (D:5)
16 creatures vanquished.

Grand Total: 221 creatures vanquished

Notes
Turn   | Place    | Note
-------+----------+-------------------------------------------
     0 | D:1      | wormed the Formicid Fighter began the quest for the Orb.
     0 | D:1      | Reached XP level 1. HP: 18/18 MP: 1/1
   174 | D:1      | Reached XP level 2. HP: 24/24 MP: 2/2
   533 | D:1      | Reached XP level 3. HP: 23/29 MP: 3/3
   810 | D:1      | Found a faded altar of an unknown god.
   824 | D:1      | Prayed at the altar of an unknown god.
   824 | D:1      | Became a worshipper of Xom of Chaos
  1041 | D:2      | Noticed Sigmund
  1050 | D:2      | XOM: potion effect (heal wounds)
  1052 | D:2      | Killed Sigmund
  1053 | D:2      | Reached skill level 1 in Dodging
  1053 | D:2      | Reached skill level 5 in Shields
  1053 | D:2      | Reached XP level 4. HP: 30/37 MP: 4/4
  1053 | D:2      | Reached XP level 5. HP: 35/42 MP: 5/5
  1053 | D:2      | Reached XP level 6. HP: 40/48 MP: 6/6
  1961 | D:3      | Found Yjioda's Book Boutique.
  2384 | D:4      | XOM: potion effect (curing)
  2561 | D:4      | Reached XP level 7. HP: 50/55 MP: 7/7
  2633 | D:4      | XOM: god gift: 32 gold pieces
  2680 | D:4      | XOM: confuse monster(s)
  2869 | D:4      | XOM: potion effect (experience)
  2869 | D:4      | Reached skill level 5 in Dodging
  2869 | D:4      | Reached XP level 8. HP: 56/67 MP: 8/8
  2982 | D:4      | XOM: divination: magic mapping
  3076 | D:4      | XOM: silly message
  3141 | D:4      | Found a snail-covered altar of Cheibriados.
  3239 | D:4      | XOM: noise
  3394 | D:4      | XOM: silly message
  3512 | D:5      | Entered Level 5 of the Dungeon
  3519 | D:5      | XOM: potion effect (curing)
  3597 | D:5      | Found Gaimpo's Weapon Boutique.
  3660 | D:5      | Found Hoetea's General Store.
  3661 | D:5      | Found Yptil's Book Boutique.
  3679 | D:5      | XOM: silly message
  3770 | D:5      | Found Tirit's General Store.
  3813 | D:5      | Reached XP level 9. HP: 69/72 MP: 9/9
  3856 | D:5      | XOM: chaos upgrade
  3951 | D:5      | XOM: give mutations
  3951 | D:5      | Gained mutation: You have large cloven feet. [Xom's
                  | mischief]
  3951 | D:5      | Lost mutation: You have large cloven feet. [Xom's mischief]
  4024 | D:5      | XOM: confuse monster(s)
  4034 | D:5      | XOM: smoke on damage
  4061 | D:5      | XOM: confuse monster(s)
  4532 | D:5      | XOM: divination: detect items
  4627 | D:5      | XOM: smoke on damage
  4630 | D:5      | XOM: swap monsters
  4671 | D:5      | XOM: potion effect (brilliance)
  4774 | D:5      | XOM: polymorph gnoll -> hound
  4916 | D:5      | Found a runed translucent door.
  4917 | D:5      | Noticed Nabski's ghost (amateur TeAE)
  4984 | D:5      | XOM: potion effect (invisibility)
  5036 | D:5      | XOM: scenery: create altars
  5177 | D:5      | Killed Nabski's ghost
  5216 | D:5      | Bought the +1 chain mail "Hiupsoh" {Rampage rF+} for 329
                  | gold pieces
  5364 | D:6      | Noticed Eustachio
  5376 | D:6      | Killed Eustachio
  5377 | D:6      | Reached XP level 10. HP: 73/80 MP: 10/10
  5394 | D:6      | XOM: torment (41/80 hp)
  5454 | D:6      | XOM: god gift: potion of curing
  5502 | D:6      | XOM: divination: magic mapping
  5610 | D:6      | Found a staircase to the Ecumenical Temple.
  5650 | D:6      | XOM: swap monsters
  5697 | D:6      | Reached skill level 1 in Polearms
  5912 | D:6      | Found a glowing drain.
  5953 | Sewer    | Entered a sewer
  6033 | Sewer    | Noticed Pargi
  6044 | Sewer    | Killed Pargi
  6359 | D:6      | XOM: give mutation
  6359 | D:6      | Gained mutation: Your body sometimes deteriorates upon
                  | taking damage. [Xom's mischief]
  6570 | D:7      | XOM: cast spell 'Summon Hydra'
  6821 | D:7      | Found Piss's Assorted Antiques.
  7032 | D:8      | XOM: polymorph killer bee -> gnoll
  7032 | D:8      | Noticed Pikel
  7042 | D:7      | XOM: smoke on damage
  7043 | D:7      | XOM: cast spell 'Summon Hydra'
  7049 | D:7      | HP: 4/82 [poisoned by a killer bee]
  7050 | D:7      | Lost mutation: Your body sometimes deteriorates upon taking
                  | damage. [potion of mutation]
  7050 | D:7      | Gained mutation: You expend magic power (3 MP) to
                  | strengthen your wands. [potion of mutation]
  7050 | D:7      | Gained mutation: You have hidden genetic defects. [potion
                  | of mutation]
  7050 | D:7      | Gained mutation: You passively map a small area around you.
                  | [potion of mutation]
  7051 | D:7      | HP: 1/123 [poisoned by a killer bee]
  7053 | D:7      | Succumbed to a killer bee's poison

Illustrated notes

Levels and vault maps discovered:
D:1:      nzn_arrival_settlement, layout_loops_ring,
          dilly_ecumenical_altar_fadedgnrine, bh_walls_and_bars
D:2:      layout_loops_cross, uniq_sigmund
D:3:      layout_basic, serial_shops,
          nicolae_shop_temple_entry_statues_fountains
D:4:      layout_loops_ring, kennysheep_slug_shrine
D:5:      kennysheep_slugbush, layout_cave_pools, serial_gnoll_camp,
          gnoll_camp_medium_02, gnoll_camp_huts_basic, gnoll_camp_mini_basic,
          gnoll_camp_mini_doghouse, gammafunk_ghost_grave, serial_shops,
          shop_statue, shop, nicolae_shop_bloodbath_and_beyond, shop
D:6:      layout_basic, minmay_temple_entry_gardened_gates,
          portal_sewer_entry_c, uniq_eustachio
D:7:      layout_rooms, serial_shops, nicolae_shop_overgrown_old_shop,
          amcnicky_mini_pool_medium
D:8:      layout_rooms, old_standard_altar, uniq_pikel

Skill      XL: |  1  2  3  4  5  6  7  8  9 10 |
---------------+-------------------------------+-----
Fighting       | 4 7 8 |  8.4
Staves         | 3 4 8 9 |  9.5
Armour         | 4 7 8 |  8.4
Dodging        | 1 2 5 6 |  6.2
Shields        | 5 8 9 |  9.8
Polearms       | 2 |  2.3

Action                   |  1- 3 |  4- 6 |  7- 9 | 10-12 || total
-------------------------+-------+-------+-------+-------++-------
Melee: Quarterstaff      |    66 |   121 |   350 |       ||   537
       Halberd           |       |       |    12 |   150 ||   162
Evoke: Wand              |       |       |       |     1 ||     1
  Use: Scroll            |       |     4 |    12 |     6 ||    22
       Potion            |       |       |     1 |     9 ||    10
 Stab: Confused          |       |       |     1 |       ||     1
       Invisible         |       |       |     1 |       ||     1
Armor: Scale mail        |    15 |    39 |   103 |       ||   157
       Chain mail        |       |       |     2 |    45 ||    47
Dodge: Dodged            |    18 |    55 |   259 |   122 ||   454
Block: Buckler           |    18 |    26 |    54 |       ||    98
       Kite shield       |       |       |   133 |   133 ||   266

Table legend: (Time is in decaauts)
 A = Elapsed time spent in this place.
 B = Non-inter-level travel time spent in this place.
 C = Inter-level travel time spent in this place.
 D = Time resting spent in this place.
 E = Time spent auto-exploring this place.
 F = Levels seen in this place.
 G = Mean time per level.
                   A        B        C        D        E       F      G
               +--------+--------+--------+--------+--------+-----+--------+
         Total |   7131 |   6676 |    455 |    128 |   5027 |   9 |  792.3 |
       Dungeon |   6962 |   6507 |    455 |    128 |   4923 |   8 |  870.2 |
         Sewer |    169 |    169 |      0 |      0 |    104 |   1 |  169.0 |
               +--------+--------+--------+--------+--------+-----+--------+

Top non-repeatable levels by time:
     D:5: 1604 daAuts
     D:4: 1494 daAuts
     D:6: 967 daAuts
     D:1: 871 daAuts
     D:3: 738 daAuts
     D:2: 659 daAuts
     D:7: 611 daAuts
   Sewer: 169 daAuts
     D:8: 14 daAuts
